PAAA
OCEANSIDE AVIATORS @ BAKERSFIELD NOBLES
08/31/2020
 
TOP OF THE 1ST
Oceanside Aviators batting - Pitching for Bakersfield Nobles : RHP Jason McKinney
Pitching: RHP Jason McKinney
Batting: SHB Joe Mueller 0-0: SINGLE (Line Drive, 9S)
Batting: RHB Eric D'Angle 0-0: Called Strike
0-1: Ball
1-1: Ground out 6-3 (Groundball, 6MS)
Joe Mueller to second
Batting: RHB Bernardo Herrera 0-0: Called Strike
0-1: Ground out 6-3 (Groundball, 6)
Batting: RHB Jacob Holt 0-0: Fly out, F9 (Flyball, 9D)
Top of the 1st over - 0 run(s), 1 hit(s), 0 error(s), 1 left on base; Oceanside 0 - Bakersfield 0
BOTTOM OF THE 1ST
Bakersfield Nobles batting - Pitching for Oceanside Aviators : LHP Jim Unknown
Pitching: LHP Jim Unknown
Batting: RHB Miguel Márquez 0-0: Called Strike
0-1: Fly out, F8 (Flyball, 78M)
Batting: SHB Jon Jenkins 0-0: Ball
1-0: Ball
2-0: Foul Ball, location: 2F
2-1: Ball
3-1: Called Strike
3-2: SINGLE (Line Drive, 7LS)
Batting: RHB Jorge Gonzáles 0-0: Ball
1-0: Ball
2-0: Fly out, F3 (Popup, 3SF)
Batting: RHB Bob Heller 0-0: Called Strike
0-1: Ball
1-1: Foul Ball, location: 2F
1-2: Ball
2-2: Ball
3-2: Ground out 5-3 (Groundball, 5S)
Bottom of the 1st over - 0 run(s), 1 hit(s), 0 error(s), 1 left on base; Oceanside 0 - Bakersfield 0
TOP OF THE 2ND
Oceanside Aviators batting - Pitching for Bakersfield Nobles : RHP Jason McKinney
Batting: SHB Robbie Anderson 0-0: Foul Ball, location: 2F
0-1: Ball
1-1: Ground out 4-3 (Groundball, 34)
Batting: LHB Robert Bond 0-0: Ball
1-0: Ball
2-0: Ball
3-0: Called Strike
3-1: Base on Balls
Batting: RHB Jason Shaffer 0-0: Called Strike
0-1: Swinging Strike
0-2: Ball
1-2: Fly out, F6 (Line Drive, 6D)
Batting: RHB Don Brown 0-0: Ball
1-0: SINGLE (Line Drive, 7LS)
Robert Bond to second
Batting: RHB Juan Torres 0-0: SINGLE (Line Drive, 6MD)
Robert Bond to third
Don Brown to second
Batting: SHB Joe Mueller 0-0: Ball
1-0: Ball
2-0: Called Strike
2-1: Swinging Strike
2-2: Foul Ball, location: 2F
2-2: Strikes out swinging
Top of the 2nd over - 0 run(s), 2 hit(s), 0 error(s), 3 left on base; Oceanside 0 - Bakersfield 0
BOTTOM OF THE 2ND
Bakersfield Nobles batting - Pitching for Oceanside Aviators : LHP Jim Unknown
Batting: RHB Tamasaburo Kato 0-0: Foul Ball, location: 2F
0-1: Ball
1-1: Ball
2-1: Ball
3-1: Base on Balls
Batting: LHB Emery Miller 0-0: Called Strike
0-1: Foul Ball, location: 2F
0-2: Foul Ball, location: 2F
0-2: Foul Ball, location: 2F
0-2: 2-RUN HOME RUN (Line Drive, 9D), Distance : 394 ft
Batting: LHB Bartolo Benítez 0-0: Ball
1-0: Called Strike
1-1: Fly out, F8 (Flyball, 8LS)
Batting: RHB Ron Gérard 0-0: Ball
1-0: Ball
2-0: Ball
3-0: Called Strike
3-1: Called Strike
3-2: SINGLE (Groundball, 34)
Batting: RHB Lockwood Rose 0-0: Ball
1-0: Grounds into double play, 6-4-3 (Groundball, 6)
Bottom of the 2nd over - 2 run(s), 2 hit(s), 0 error(s), 0 left on base; Oceanside 0 - Bakersfield 2
TOP OF THE 3RD
Oceanside Aviators batting - Pitching for Bakersfield Nobles : RHP Jason McKinney
Batting: RHB Eric D'Angle 0-0: Called Strike
0-1: Foul Ball, location: 2F
0-2: Ball
1-2: Ball
2-2: Strikes out swinging
Batting: RHB Bernardo Herrera 0-0: Foul Ball, location: 2F
0-1: Ball
1-1: Fly out, F8 (Flyball, 78XD)
Batting: RHB Jacob Holt 0-0: Ball
1-0: Ball
2-0: Ball
3-0: Base on Balls
Batting: SHB Robbie Anderson 0-0: Ball
1-0: DOUBLE (Line Drive, 78M)
Jacob Holt to third
Batting: LHB Robert Bond 0-0: Ball
1-0: Foul Ball, location: 2F
1-1: Ball
2-1: Ball
3-1: Ground out 5-3 (Groundball, 56)
Top of the 3rd over - 0 run(s), 1 hit(s), 0 error(s), 2 left on base; Oceanside 0 - Bakersfield 2
BOTTOM OF THE 3RD
Bakersfield Nobles batting - Pitching for Oceanside Aviators : LHP Jim Unknown
Batting: RHB Miguel Márquez 0-0: Called Strike
0-1: Ball
1-1: Ground out 5-3 (Groundball, 5L)
Batting: SHB Jon Jenkins 0-0: Ball
1-0: Called Strike
1-1: Foul Ball, location: 2F
1-2: Strikes out looking
Batting: RHB Jorge Gonzáles 0-0: Ball
1-0: Swinging Strike
1-1: Called Strike
1-2: Strikes out swinging
Bottom of the 3rd over - 0 run(s), 0 hit(s), 0 error(s), 0 left on base; Oceanside 0 - Bakersfield 2
TOP OF THE 4TH
Oceanside Aviators batting - Pitching for Bakersfield Nobles : RHP Jason McKinney
Batting: RHB Jason Shaffer 0-0: Ball
1-0: Called Strike
1-1: Ball
2-1: Ground out 6-3 (Groundball, 6)
Batting: RHB Don Brown 0-0: Swinging Strike
0-1: Ball
1-1: Ball
2-1: Called Strike
2-2: Fly out, F8 (Flyball, 8LD)
Batting: RHB Juan Torres 0-0: Ball
1-0: Ball
2-0: Foul Ball, location: 2F
2-1: Foul Ball, location: 2F
2-2: Ground out 5-3 (Groundball, 5S)
Top of the 4th over - 0 run(s), 0 hit(s), 0 error(s), 0 left on base; Oceanside 0 - Bakersfield 2
BOTTOM OF THE 4TH
Bakersfield Nobles batting - Pitching for Oceanside Aviators : LHP Jim Unknown
Batting: RHB Bob Heller 0-0: Ball
1-0: Ball
2-0: Called Strike
2-1: Called Strike
2-2: Foul Ball, location: 2F
2-2: Ball
3-2: Base on Balls
Batting: RHB Tamasaburo Kato 0-0: Called Strike
0-1: Grounds into double play, 1-6-3 (Groundball, 13S)
Batting: LHB Emery Miller 0-0: Called Strike
0-1: Foul Ball, location: 2F
0-2: Ball
1-2: Ball
2-2: Foul Ball, location: 2F
2-2: Ground out 6-3 (Groundball, 6M)
Bottom of the 4th over - 0 run(s), 0 hit(s), 0 error(s), 0 left on base; Oceanside 0 - Bakersfield 2
TOP OF THE 5TH
Oceanside Aviators batting - Pitching for Bakersfield Nobles : RHP Jason McKinney
Batting: SHB Joe Mueller 0-0: Ball
1-0: Ball
2-0: Fly out, F6 (Popup, 56)
Batting: RHB Eric D'Angle 0-0: Called Strike
0-1: Foul Ball, location: 2F
0-2: Foul Ball, location: 2F
0-2: Ball
1-2: Strikes out swinging
Batting: RHB Bernardo Herrera 0-0: Ground out 6-3 (Groundball, 6M)
Top of the 5th over - 0 run(s), 0 hit(s), 0 error(s), 0 left on base; Oceanside 0 - Bakersfield 2
BOTTOM OF THE 5TH
Bakersfield Nobles batting - Pitching for Oceanside Aviators : LHP Jim Unknown
Batting: LHB Bartolo Benítez 0-0: Ball
1-0: Ball
2-0: SINGLE (Groundball, 34D)
Batting: RHB Ron Gérard 0-0: Bunted foul
0-1: Sac Bunt - play at first, batter OUT! 1-4
Bartolo Benítez to second
Batting: RHB Lockwood Rose 0-0: Ball
1-0: Ball
2-0: Ball
3-0: Base on Balls
Batting: RHB Miguel Márquez 0-0: Called Strike
0-1: Fly out, F9 (Flyball, 89S)
Batting: SHB Jon Jenkins 0-0: Ball
1-0: Foul Ball, location: 2F
1-1: Ball
2-1: Ball
3-1: Swinging Strike
3-2: Foul Ball, location: 2F
3-2: DOUBLE (Flyball, 9LS)
Bartolo Benítez scores
Lockwood Rose to third
Lockwood Rose scores
Batting: RHB Jorge Gonzáles 0-0: Ball
1-0: Ball
2-0: Fly out, F9 (Flyball, 89S)
Bottom of the 5th over - 2 run(s), 2 hit(s), 0 error(s), 1 left on base; Oceanside 0 - Bakersfield 4
TOP OF THE 6TH
Oceanside Aviators batting - Pitching for Bakersfield Nobles : RHP Jason McKinney
Batting: RHB Jacob Holt 0-0: Ball
1-0: Ball
2-0: Foul Ball, location: 2F
2-1: Swinging Strike
2-2: Strikes out swinging
Batting: SHB Robbie Anderson 0-0: Called Strike
0-1: Swinging Strike
0-2: Foul Ball, location: 2F
0-2: Ball
1-2: Ball
2-2: Foul Ball, location: 2F
2-2: Strikes out swinging
Batting: LHB Robert Bond 0-0: Foul Ball, location: 2F
0-1: Ball
1-1: Swinging Strike
1-2: Strikes out swinging
Top of the 6th over - 0 run(s), 0 hit(s), 0 error(s), 0 left on base; Oceanside 0 - Bakersfield 4
BOTTOM OF THE 6TH
Bakersfield Nobles batting - Pitching for Oceanside Aviators : LHP Jim Unknown
Batting: RHB Bob Heller 0-0: Foul Ball, location: 2F
0-1: Ball
1-1: Swinging Strike
1-2: Foul Ball, location: 2F
1-2: Ground out 6-3 (Groundball, 6)
Batting: RHB Tamasaburo Kato 0-0: Ground out 1-3 (Groundball, 13S)
Batting: LHB Emery Miller 0-0: Ball
1-0: Swinging Strike
1-1: Swinging Strike
1-2: Ball
2-2: Ball
3-2: Strikes out looking
Bottom of the 6th over - 0 run(s), 0 hit(s), 0 error(s), 0 left on base; Oceanside 0 - Bakersfield 4
TOP OF THE 7TH
Oceanside Aviators batting - Pitching for Bakersfield Nobles : RHP Jason McKinney
Pitching: RHP Raúl Pérez
Batting: RHB Jason Shaffer 0-0: Ball
1-0: Foul Ball, location: 2F
1-1: Ball
2-1: Foul Ball, location: 2F
2-2: Foul Ball, location: 2F
2-2: Foul Ball, location: 2F
2-2: Ball
3-2: Base on Balls
Batting: RHB Don Brown 0-0: Called Strike
0-1: Ball
1-1: Reached on error, E5 (Groundball, 56)
Jason Shaffer to second
Batting: RHB Juan Torres 0-0: Foul Ball, location: 2F
0-1: Ball
1-1: Foul Ball, location: 2F
1-2: SINGLE (Line Drive, 8LS)
Jason Shaffer to third
Don Brown to second
Batting: SHB Joe Mueller 0-0: Foul Ball, location: 2F
0-1: Ball
1-1: SINGLE (Line Drive, 8RS)
Jason Shaffer scores
Don Brown to third
Juan Torres to second
Runner from 3rd tries for Home, SAFE, throw made home
Batting: RHB Eric D'Angle 0-0: Bunted foul
0-1: Sac Bunt - play at first, batter OUT! 1-4
Juan Torres to third
Joe Mueller to second
Batting: RHB Bernardo Herrera 0-0: Ball
1-0: Swinging Strike
1-1: Fly out, F7 (Flyball, 7M)
Runner from 3rd tags up, SCORES, throw made
Pinch Hitting: SHB Stephen Fraven 0-0: Ball
1-0: Ball
2-0: Ball
3-0: Called Strike
3-1: Foul Ball, location: 2F
3-2: Base on Balls
Batting: SHB Robbie Anderson 0-0: Called Strike
0-1: Ball
1-1: Ball
2-1: Called Strike
2-2: Strikes out swinging
Top of the 7th over - 3 run(s), 2 hit(s), 1 error(s), 2 left on base; Oceanside 3 - Bakersfield 4
BOTTOM OF THE 7TH
Bakersfield Nobles batting - Pitching for Oceanside Aviators : LHP Jim Unknown
Now at 3B: Stephen Fraven
Batting: LHB Bartolo Benítez 0-0: Called Strike
0-1: Foul Ball, location: 2F
0-2: Ground out 5-3 (Groundball, 5D)
Batting: RHB Ron Gérard 0-0: Ball
1-0: Ball
2-0: Ground out 1-3 (Groundball, 23)
Batting: RHB Lockwood Rose 0-0: Ball
1-0: SINGLE (Groundball, 6)
Pitching: RHP Richard Brown
Pinch Hitting: LHB Jeff Lee 0-0: Ball
1-0: Called Strike
1-1: Foul Ball, location: 2F
1-2: Strikes out swinging
Bottom of the 7th over - 0 run(s), 1 hit(s), 0 error(s), 1 left on base; Oceanside 3 - Bakersfield 4
TOP OF THE 8TH
Oceanside Aviators batting - Pitching for Bakersfield Nobles : RHP Raúl Pérez
Pitching: RHP Enrique Magana
Now at SS: Juan Alba
Batting: LHB Robert Bond 0-0: Called Strike
0-1: Called Strike
0-2: Foul Ball, location: 2F
0-2: Ball
1-2: Ball
2-2: Ball
3-2: Ground out 3-1 (Groundball, 3)
Batting: RHB Jason Shaffer 0-0: Foul Ball, location: 2F
0-1: Foul Ball, location: 2F
0-2: Strikes out swinging
Batting: RHB Don Brown 0-0: Ball
1-0: Called Strike
1-1: Ground out 1-3 (Groundball, 13S)
Top of the 8th over - 0 run(s), 0 hit(s), 0 error(s), 0 left on base; Oceanside 3 - Bakersfield 4
BOTTOM OF THE 8TH
Bakersfield Nobles batting - Pitching for Oceanside Aviators : RHP Richard Brown
Batting: SHB Jon Jenkins 0-0: Fly out, F5 (Line Drive, 56)
Batting: RHB Jorge Gonzáles 0-0: Ball
1-0: Called Strike
1-1: Ball
2-1: Fly out, F9 (Line Drive, 9M)
Batting: RHB Bob Heller 0-0: Ball
1-0: Called Strike
1-1: Foul Ball, location: 2F
1-2: Ball
2-2: Ball
3-2: SOLO HOME RUN (Flyball, 7D), Distance : 372 ft
Batting: RHB Tamasaburo Kato 0-0: Called Strike
0-1: Foul Ball, location: 2F
0-2: Ball
1-2: Ball
2-2: SINGLE (Groundball, 56D)
Batting: LHB Emery Miller 0-0: Called Strike
0-1: Swinging Strike
0-2: Foul Ball, location: 2F
0-2: Strikes out swinging
Bottom of the 8th over - 1 run(s), 2 hit(s), 0 error(s), 1 left on base; Oceanside 3 - Bakersfield 5
TOP OF THE 9TH
Oceanside Aviators batting - Pitching for Bakersfield Nobles : RHP Enrique Magana
Pitching: RHP Jim Unknown
Batting: RHB Juan Torres 0-0: SINGLE (Groundball, 56)
Batting: SHB Joe Mueller 0-0: Foul Ball, location: 2F
0-1: Ground out 6-3 (Groundball, 6S)
Juan Torres to second
Batting: RHB Eric D'Angle 0-0: Called Strike
0-1: Ball
1-1: SINGLE (Line Drive, 56D)
Juan Torres to third
Runner from 3rd tries for Home, SAFE, throw made home
Eric D'Angle to second
Batting: RHB Bernardo Herrera 0-0: Called Strike
0-1: Ball
1-1: Ground out 6-3 (Groundball, 6)
Eric D'Angle to third
Batting: SHB Stephen Fraven 0-0: Ball
1-0: Called Strike
1-1: Foul Ball, location: 2F
1-2: Strikes out swinging
Top of the 9th over - 1 run(s), 2 hit(s), 0 error(s), 1 left on base; Oceanside 4 - Bakersfield 5
This league is powered by Out of the Park Baseball, the baseball management simulation game for PC, Mac and Linux
Friday, October 23rd, 2015 - OOTP Baseball 16.9 Build 39